 Dungeon Crawl Stone Soup version 0.30.1-3-gfc49f6343a (webtiles) character file.

Game seed: 18332703739500922713

24 Anriel the Firebug (level 2, 0/15 HPs)
             Began as a Deep Elf Fire Elementalist on Aug 8, 2023.
             Killed by divine providence
             ... invoked by an orc priest
              (15 damage)
             ... on level 2 of the Dungeon.
             The game lasted 00:04:22 (868 turns).

Anriel the Firebug (Deep Elf Fire Elementalist)      Turns: 868, Time: 00:04:22

Health: 0/15       AC:  2    Str:  5    XL:     2   Next: 79%
Magic:  7/8        EV: 13    Int: 19    God:
Gold:   84         SH:  0    Dex: 15    Spells: 6/7 levels left

rFire   . . .        (no weapon)
rCold   . . .        (no shield)
rNeg    . . .        a - +0 robe
rPois   +            (no helmet)
rElec   .            (no cloak)
rCorr   .            (no gloves)
SInv    .            (no boots)
Will    .....        (no amulet)
Stlth   ++           e - ring of poison resistance
HPRegen 0.22/turn    (no ring)
MPRegen 0.11/turn

%: no passive effects
@: no status effects
A: no striking features
a: no special abilities


You were on level 2 of the Dungeon.
You visited 1 branch of the dungeon, and saw 2 of its levels.

You collected 84 gold pieces.

Inventory:

Armour
 a - a +0 robe (worn)
Jewellery
 e - a ring of poison resistance (left hand)
Scrolls
 d - a scroll of poison {unknown}
 f - a scroll of fog {unknown}
Potions
 b - a potion of magic
 c - 2 potions of flight {unknown}


   Skills:
 + Level 2.8 Dodging
 - Level 2.4 Stealth
 + Level 3.3 Spellcasting
 * Level 2.1 Conjurations
 + Level 3.5 Fire Magic


You had 6 spell levels left.
You knew the following spells:

 Your Spells              Type           Power      Damage    Failure   Level
a - Foxfire               Conj/Fire      56%        2x1d6     4%          1

Your spell library contained the following spells:

 Spells                   Type           Power      Damage    Failure   Level
 Scorch                   Fire           32%        2d6       4%          2
 Inner Flame              Hex/Fire       9%         N/A       22%         3
 Volatile Blastmotes      Fire/Tloc      18%        2d11      22%         3
 Flame Wave               Conj/Fire      14%        2d6       41%         4


Dungeon Overview and Level Annotations

Branches:
Dungeon (2/15)

Altars:


Message History

The foxfire hits the ball python.
You kill the ball python!
You see here a ball python corpse.
You start resting.
Magic restored.
A ball python comes into view.
Casting: Foxfire (safe; 4% risk of failure)
Confirm with . or Enter, or press ? or * to list all spells.
You conjure some foxfire!
The foxfire hits the ball python.
The ball python is severely wounded.
The ball python hisses angrily.
The foxfire hits the ball python.
You kill the ball python!
Found 12 gold pieces.
HP restored.
Magic restored.
Found a scroll labelled ZIOREO DAPOI.
A rat comes into view.
You see here 12 gold pieces.
You now have 84 gold pieces (gained 12).
Casting: Foxfire (safe; 4% risk of failure)
Confirm with . or Enter, or press ? or * to list all spells.
You conjure some foxfire!
The foxfire hits the rat.
The rat is moderately wounded.
The foxfire hits the rat.
The rat is severely wounded.
Casting: Foxfire (safe; 4% risk of failure)
Confirm with . or Enter, or press ? or * to list all spells.
You conjure some foxfire!
The foxfire hits the rat.
You kill the rat!
Your foxfire dissipates!
f - a scroll labelled ZIOREO DAPOI 2 orc priests and 3 orcs come into view.
The orc priest invokes the aid of Beogh against you.
Beogh smites you!
Ouch! That really hurt!
You die...

.o #.....# #. #.....###
#.. +....... #.oo #.....#
o..##.....#
.o......###### #
#......##.†.# .. ...
#......##.#<# ..# #.#
#@#######.####..## ####
#.# #.# #.#... ..# ...
#.###.# #.#.##...#
#..#.#...# #........#
###..#.#.######
#.#...####
##......#......####.....#
.....§..............#..##
##.######..............#
#.. #.................#
#..


You could see an orc priest.

Vanquished Creatures
  2 endoplasms (D:1)
  3 giant cockroaches (D:1)
  2 jackals (D:1)
  3 kobolds (D:1)
  2 quokkas (D:1)
  3 ball pythons
  3 frilled lizards (D:1)
  A goblin (D:1)
  4 rats
23 creatures vanquished.

Vanquished Creatures (others)
  57 foxfires
57 creatures vanquished.

Grand Total: 80 creatures vanquished

Notes
Turn   | Place    | Note
-------+----------+-------------------------------------------
     0 | D:1      | Anriel the Deep Elf Fire Elementalist began the quest for
                  | the Orb.
     0 | D:1      | Reached XP level 1. HP: 10/10 MP: 6/6
   182 | D:1      | Reached XP level 2. HP: 15/15 MP: 5/8
   868 | D:2      | Killed from afar by an orc priest

Illustrated notes

Levels and vault maps discovered:
D:1:      dpeg_arrival_shrine, layout_basic, corner_web_ring
D:2:      layout_basic

Skill      XL: |  1  2 |
---------------+-------+-----
Conjurations   | 2 |  2.1
Dodging        | |  2.8
Stealth        | |  2.4
Spellcasting   | |  3.3
Fire Magic     | |  3.5

Action                     || total
---------------------------++-------
  Melee: Unarmed           ||     2
   Cast: Foxfire           ||    36
    Use: Scroll            ||     1
 Armour: Robe              ||     2
  Dodge: Dodged            ||    16
